[Event "*** Titled Tuesday Blitz"]
[Site "Chess.com"]
[Date "2021.02.16"]
[Round "3"]
[White "Hangar-18"]
[Black "chescomhuynya"]
[Result "0-1"]
[WhiteElo "2380"]
[BlackElo "2584"]
[TimeControl "180+1"]
[EndTime "10:32:21 PST"]
[Termination "chescomhuynya won on time"]

1. c4 Nf6 2. Nc3 g6 3. d4 Bg7 4. Nf3 O-O 5. g3 c6 6. Bg2 d5 7. cxd5 cxd5 8. Ne5 Nc6 9. O-O Bf5 10. Nxc6 bxc6 11. b3 Nd7 12. Na4 Re8 13. Bb2 e5 14.
dxe5 Nxe5 15. Rc1 Rc8 16. Qd2 Qe7 17. Nc5 h5 18. h3 Rcd8 19. Bd4 Kh7 20. Rfe1 Bh6 21.
Be3 Bg7 22. Bd4 Qc7 23. Qb2 Bh8 24. Qc3 Qc8 25. Kh2 Qc7 26. a4 h4 27. Na6 hxg3+ 28. fxg3 Qd6 29. Nc5 Bf6 30. e3 Qe7 31. g4 Bc8 32. Kg1 Rh8 33. Nd3 Nxd3 34. Qxd3 Bxd4 35. Qxd4 Bd7 36. Qf4 Kg8 37. Rf1 Re8 38. Rc3 Kg7 39. Rd3 Qe5 40. Qxe5+ Rxe5 41. Rc1 Rhe8 42. Kf2 f5 43.
gxf5 Bxf5 44. Rdc3 Bd7 45. b4 Re4 46. Rb1 R4e5 47.
Rbc1 Rf8+ 48. Ke2 Rfe8 49. Kd2 d4 50. Rd3 dxe3+ 51. Ke2 Bf5 52. Rdc3 Be4 53. Bxe4 Rxe4 54. Rxc6 Rf4 55. Rf1 Rxb4 56. Rc7+ Kh6 57. Rxa7 Rb2+ 58. Kf3 Rf8+ 59. Kxe3 Rxf1 60. a5 Rh1 61. Kd4 Rxh3 62. Kc5 Ra3 63. a6 Rba2 64. Kb5 g5 65. Rd7 Rxa6 66.
Rd3 g4 67. Kc4 Kg5 68. Kd5 R2a3 0-1

[Event "*** Titled Tuesday Blitz"]
[Site "Chess.com"]
[Date "2021.02.16"]
[Round "3"]
[White "Dii210"]
[Black "klimkoj"]
[Result "0-1"]
[WhiteElo "2368"]
[BlackElo "2559"]
[TimeControl "180+1"]
[EndTime "10:32:23 PST"]
[Termination "klimkoj won on time"]

1. Nf3 Nf6 2. e3 e6 3. d4 c5 4.
c4 cxd4 5. Nxd4 a6 6. Nc3 Nc6 7.
b3 Bb4 8. Bd2 Qa5 9. Qc1 O-O 10.
a3 Bxc3 11. Bxc3 Qg5 12. Nf3 Qf5 13. Be2 Ne4 14. O-O d5 15. cxd5 exd5 16. Nd4 Nxd4 17.
Bxd4 Qg6 18. Qb2 Bh3 19. Bf3 Rfd8 20. Kh1 Bd7 21. g3 Bg4 22. Bxg4 Qxg4 23. f3 Nxg3+ 24. hxg3 Qxg3 25. Qg2 Qh4+ 26. Qh2 Qe7 27. Rg1 f6 28. Ra2 g6 29. Qf4 Rf8 30. b4 Rf7 31. Rag2 Qe6 32. Qh4 Rc8 33. Qh6 Rg7 34. Qh4 Rc6 35. Rg4 Rgc7 36. Rf4 f5 37. Qd8+ Kf7 38. Rh4 h5 39. Qh8 Rc1 40. Qh7+ Ke8 41. Qh6 Rxg1+ 42. Kxg1 Rc1+ 43. Kh2 Qc6 44. Qg5 Qc2+ 45. Qg2 Qc6 46. Qg3 Rc2+ 47. Kh3 Rc1 48. Qe5+ Kd7 49. Qg7+ Kc8 50. Bc5 Qe6 51. Qf8+ Kd7 52. Qg7+ Kc8 53.
Qd4 Rc4 54. Qh8+ Kd7 55. Rxc4 dxc4 56. Qd4+ Kc6 57. f4 Qe8 58. Qd6+ Kb5 59. Qd1 Kc6 60. a4 Qe6 61. Qd8 b5 62. Qb6+ Kd5 0-1

[Event "*** Titled Tuesday Blitz"]
[Site "Chess.com"]
[Date "2021.02.16"]
[Round "3"]
[White "lamomiablanca"]
[Black "jacky72"]
[Result "0-1"]
[WhiteElo "2297"]
[BlackElo "2701"]
[TimeControl "180+1"]
[EndTime "10:32:26 PST"]
[Termination "jacky72 won by checkmate"]

1. e4 e5 2. Nf3 Nc6 3. Nc3 Nf6 4. d4 exd4 5. Nxd4 Bb4 6. Nxc6 bxc6 7. Bd3 d5 8. exd5 O-O 9. O-O cxd5 10. h3 h6 11. Qf3 c6 12. Bf4 Bd6 13. Rfe1 Rb8 14. b3 Be6 15.
Ne2 c5 16. c3 Re8 17. Rad1 Bxf4 18. Nxf4 Qa5 19. Re2 c4 20. b4 Qc7 21. Bc2 Rbd8 22. Red2 Qe5 23. Ne2 Rb8 24. Nd4 Bd7 25. Re2 Qg5 26.
Rde1 Rxe2 27. Rxe2 Re8 28. Rxe8+ Bxe8 29. Qe3 Qxe3 30.
fxe3 Bd7 31. a4 Kf8 32. a5 Ke7 33. Kf2 Kd6 34. Kf3 g6 35. g4 Ne8 36. Kg3 Nc7 37.
Kf3 Ke5 38. Kg3 Ne8 39. Kf3 Nd6 40. Bb1 Ba4 41. Kf2 Kf6 42. Kf3 Bd1+ 43. Kf2 Ba4 44. Kf3 Ke7 45. Kf2 Kd7 46. Kf3 Ne8 47. Kf2 Kd6 48. Kf3 Nf6 49. Kf4 Nd7 50. Kf3 Ne5+ 51. Ke2 Nd7 52. Kf3 Ke5 53. Ke2 Nf6 54. Nf3+ Kd6 55. Nd4 h5 56. g5 Nd7 57. h4 Ne5 58.
e4 Nd7 59. Ke3 Ke5 60. Nf3+ Kd6 61. Kd4 Bc6 62. e5+ Ke6 63. Bc2 a6 64. Bb1 Ke7 65. Bc2 Kd8 66. Bd1 Kc7 67. Be2 Nf8 68. Ke3 Ne6 69. Nd4 Nf8 70. Bf3 Nd7 71. Kf4 Nf8 72.
Ke3 Bb7 73. Bg2 Nd7 74. e6 fxe6 75. Nxe6+ Kd6 76. Nf4 Ne5 77. Kd4 Nc6+ 78. Ke3 Ne7 79. Kd4 Nf5# 0-1

[Event "*** Titled Tuesday Blitz"]
[Site "Chess.com"]
[Date "2021.02.16"]
[Round "3"]
[White "Kiborg95"]
[Black "Nozdrachev_Leonid"]
[Result "1/2-1/2"]
[WhiteElo "2733"]
[BlackElo "2526"]
[TimeControl "180+1"]
[EndTime "10:32:28 PST"]
[Termination "Game drawn by repetition"]

1. e4 d6 2. d4 Nf6 3. Nc3 e5 4. Nf3 Nbd7 5. g4 g6 6. g5 Nh5 7. Be3 Bg7 8. dxe5 Nxe5 9. Nxe5 Bxe5 10. Qd2 O-O 11. Be2 c6 12. O-O-O Qa5 13. Bxh5 gxh5 14. f4 Bxc3 15. Qxc3 Qxc3 16. bxc3 Bg4 17. Rxd6 Bf3 18. Re1 Bxe4 19. Rd7 b6 20. Bd4 Bf5 21. Rc7 c5 22. Bf6 h4 23. Re5 Bg4 24. Ree7 Be6 25. Rxa7 Bxa2 26.
Rxa8 Rxa8 27. Rb7 h6 28. gxh6 h3 29. Rxb6 Be6 30. Kb2 Kh7 31. Be5 Rg8 32. Bg7 Rd8 33.
f5 Bxf5 34. Rf6 Bg6 35. Rf3 Rd2 36. Rxh3 Rxc2+ 37. Kb3 Re2 38. Kc4 f5 39. Kxc5 f4 40. Rh4 f3 41. Bd4 Be4 42. c4 Bg6 43. Rf4 Bh5 44. Rf6 Bg6 45. Rxf3 Kxh6 46. Be5 Rxe5+ 47. Kd4 Re2 48. Rc3 Rxh2 49. c5 Rh4+ 50. Ke5 Rh5+ 51.
Kd6 Rf5 52. c6 Rf6+ 53. Ke7 Rf7+ 54. Ke6 Rf8 55. c7 Bf5+ 56. Ke5 Bg4 57. Rd3 Kg5 58. Rd8 Rf5+ 59. Ke4 Rf2 60. Rg8+ Kh6 61. Rxg4 Rc2 62. Rh4+ Kg6 63. Rg4+ Kh6 64. Rf4 Rxc7 65. Kf3 Kg5 66. Re4 Kg6 67. Re3 Kg5 68. Re5+ Kg6 69. Re4 Kg5 70. Re3 Kg6 71. Re4 Kg5 72. Re3 Kg6 73. Re4 1/2-1/2

[Event "*** Titled Tuesday Blitz"]
[Site "Chess.com"]
[Date "2021.02.16"]
[Round "3"]
[White "German_Bazeev"]
[Black "awesomevishesh"]
[Result "1-0"]
[WhiteElo "2730"]
[BlackElo "2517"]
[TimeControl "180+1"]
[EndTime "10:32:28 PST"]
[Termination "German_Bazeev won by resignation"]

1. d4 Nf6 2. Nf3 g6 3. c4 Bg7 4.
Bg5 d6 5. e3 h6 6. Bh4 g5 7. Bg3 Ne4 8. Nc3 Nxg3 9. hxg3 c5 10.
dxc5 dxc5 11. Qxd8+ Kxd8 12. O-O-O+ Nd7 13. Kc2 e6 14. Nd2 Ke7 15. f4 Nf6 16. Be2 Bd7 17. Bf3 Rab8 18. e4 g4 19. Be2 h5 20. e5 Ne8 21. Bd3 a6 22. Nb3 b6 23. Be4 f6 24.
exf6+ Nxf6 25. Bg6 Bc6 26. Rhe1 Bxg2 27. Bf5 Rbd8 28.
Bxe6 Rxd1 29. Kxd1 Rd8+ 30. Kc2 Kf8 31. Na4 Rd6 32. Bf5 Kf7 33. Nc3 Bc6 34. a4 Bh6 35. a5 bxa5 36. Nxc5 h4 37. gxh4 Bxf4 38. Be6+ Kg7 39.
Nd3 Bh6 40. Bxg4 Nxg4 41. Rg1 Bd7 42. Ne5 Bf5+ 43. Kb3 Rb6+ 44. Ka2 Be3 45. Rg2 Kh7 46. Nxg4 Bxg4 47. Rxg4 Bc1 48. b3 Bd2 49. Na4 Re6 50. c5 Bb4 51. Rc4 Rc6 52. Kb1 Kh6 53. Kc2 Kh5 54. Kd3 Kh6 55. Ke4 Rc8 56. c6 Kh5 57. Kd5 Rd8+ 58. Ke6 Re8+ 59. Kd7 Re7+ 60. Kd8 Bd6 61. c7 Rxc7 62. Rxc7 Bxc7+ 63. Kxc7 Kxh4 64. Kb6 Kg5 65. Kxa5 Kf6 66. Kxa6 1-0

[Event "*** Titled Tuesday Blitz"]
[Site "Chess.com"]
[Date "2021.02.16"]
[Round "3"]
[White "tusplingher"]
[Black "azikom"]
[Result "0-1"]
[WhiteElo "2367"]
[BlackElo "2647"]
[TimeControl "180+1"]
[EndTime "10:32:29 PST"]
[Termination "azikom won by resignation"]

1. e4 d5 2. exd5 Qxd5 3. Nc3 Qa5 4. g3 Nf6 5. Bg2 c6 6. Nf3 Bg4 7. h3 Bh5 8. O-O Nbd7 9. d4 e6 10. Ne2 Be7 11. c4 O-O 12. Nf4 Bg6 13. Nxg6 hxg6 14. Be3 Rad8 15. Qb3 Qb4 16. Qxb4 Bxb4 17. Rfd1 Ba5 18.
a3 Bb6 19. b4 Rfe8 20. Rab1 Ne4 21. Rdc1 Nef6 22. b5 c5 23. dxc5 Bxc5 24. Bxc5 Nxc5 25. Rd1 Nfe4 26. Rxd8 Rxd8 27. Ne1 Nc3 28. Ra1 Rd2 29. Nf3 Rd3 30. Ne1 Rd4 31. Nf3 Rxc4 32. Bf1 Ra4 33.
Ne5 Re4 34. Nf3 b6 35. Rc1 Nd5 36. Nd2 Ra4 37. Nb1 Kf8 38. Bg2 Rd4 39. Bxd5 Rxd5 40.
Kf1 Ke7 41. Ke2 g5 42. Nc3 Rd4 43. Rd1 Rc4 44. Nb1 f5 45. Rd2 Rc1 46. Rd1 Rc4 47. Rd2 g4 48. hxg4 Rxg4 49. Rd1 Rc4 50. Rd2 g5 51. Rd1 Rc2+ 52. Rd2 Rc1 53. Rd1 Rxd1 54.
Kxd1 Kd6 55. Ke2 g4 56. Nc3 Ke5 57. Ke3 Nb3 58. Kd3 Na5 59. Ke3 Nc4+ 60. Kd3 Nd6 61. Ke3 Nb7 62. Kd3 Kd6 63. Kc4 Na5+ 64. Kb4 Ke5 65. Ne2 Ke4 66. Nf4 e5 67. Ng6 f4 68.
gxf4 exf4 69. Nh4 g3 70. fxg3 fxg3 71. Kc3 Nb7 72. Kd2 Nd6 73. Ke2 Nxb5 74. Kd2 Nxa3 75.
Ng2 Nc4+ 76. Ke2 a5 77. Kd1 b5 78. Kc2 Ne3+ 79. Nxe3 Kxe3 0-1

[Event "*** Titled Tuesday Blitz"]
[Site "Chess.com"]
[Date "2021.02.16"]
[Round "3"]
[White "Smirnov_Pavel"]
[Black "sara_khm"]
[Result "1/2-1/2"]
[WhiteElo "2898"]
[BlackElo "2641"]
[TimeControl "180+1"]
[EndTime "10:32:30 PST"]
[Termination "Game drawn - insufficient material"]

1. d4 Nf6 2. c4 e6 3. Nf3 b6 4.
g3 Bb4+ 5. Bd2 Bxd2+ 6. Qxd2 Ba6 7. b3 d5 8. cxd5 exd5 9. Nc3 O-O 10. Bg2 Nbd7 11.
O-O c6 12. Ne5 Nxe5 13. dxe5 Nd7 14. f4 Qe7 15. Rac1 f6 16. Nxd5 cxd5 17. Bxd5+ Kh8 18.
Bxa8 Rxa8 19. Rc7 Rd8 20. Rd1 Bc8 21. Qd6 Qxd6 22. Rxd6 fxe5 23. fxe5 Re8 24. Rdc6 Ba6 25. Rxd7 Bb5 26. Rcc7 Bxd7 27. Rxd7 h5 28. Rxa7 Rxe5 29. Kf2 Rf5+ 30. Ke3 Re5+ 31. Kd3 Rd5+ 32. Kc3 Re5 33.
Kd2 Rd5+ 34. Ke1 Kh7 35. Ra6 Rb5 36. Kd2 Rd5+ 37. Ke1 Rb5 38. Ra4 g5 39. Rc4 Kg6 40. e4 Kf6 41. Kd2 Ke5 42. Kc3 Ra5 43. a4 h4 44.
gxh4 gxh4 45. Rc6 Kf4 46. Rxb6 Rc5+ 47. Kd3 Rc1 48. Rf6+ Kg4 49. e5 Rb1 50. Kc4 Rb2 51. h3+ Kxh3 52. Rf3+ Kg4 53. Re3 h3 54. e6 h2 55. Re1 Re2 56. Rh1 Kg3 57. Kd5 Rd2+ 58. Kc6 Rc2+ 59. Kd7 Rd2+ 60. Ke8 Rb2 61. e7 Rxb3 62.
a5 Ra3 63. Kf7 Rf3+ 64. Ke6 Re3+ 65. Kd6 Rd3+ 66. Kc7 Rc3+ 67. Kd7 Rd3+ 68. Ke6 Re3+ 69. Kf7 Rf3+ 70. Kg7 Re3 71. Kf8 Rf3+ 72. Ke8 Ra3 73. Kd8 Rd3+ 74. Kc8 Rc3+ 75. Kb8 Re3 76. a6 Rxe7 77.
a7 Re8+ 78. Kb7 Re7+ 79. Kb8 Rxa7 80. Kxa7 Kg2 81. Rxh2+ Kxh2 1/2-1/2

[Event "*** Titled Tuesday Blitz"]
[Site "Chess.com"]
[Date "2021.02.16"]
[Round "3"]
[White "Deepweb2020"]
[Black "ARTHURMOTIVATOR"]
[Result "1-0"]
[WhiteElo "2529"]
[BlackElo "2323"]
[TimeControl "180+1"]
[EndTime "10:32:30 PST"]
[Termination "Deepweb2020 won by resignation"]

1. d4 Nf6 2. c4 c5 3. Nf3 cxd4 4. Nxd4 e5 5. Nb5 d5 6. cxd5 Bc5 7. N5c3 O-O 8. e3 e4 9. Be2 Nbd7 10. Nd2 Re8 11. Nc4 a6 12. a4 Ne5 13. O-O Nxc4 14. Bxc4 Bd6 15. h3 Qe7 16. Ne2 Qe5 17. Ng3 Qg5 18.
Kh1 h5 19. Bd2 Bxg3 20. fxg3 Qxg3 21. Qe1 Qg5 22. Bc3 h4 23. Bxf6 gxf6 24. Qf2 Kg7 25. Qf4 Re5 26. Rf2 Bd7 27. Raf1 Rc8 28. Qxf6+ Qxf6 29. Rxf6 Be8 30. b3 b5 31. axb5 axb5 32. Be2 Rxd5 33. R6f4 Rc3 34. Rxe4 Rxb3 35. Bf3 Rg5 36.
Rxh4 b4 37. Rc1 Rb2 38. Rcc4 b3 39. Rb4 Bd7 40. Kh2 Rb1 41. Rhf4 Be6 42. Rb6 b2 43.
Rfb4 Re1 44. Rxb2 Rxe3 45. Rf2 Rg6 46. Rb4 Rc3 47. Rf4 Rc5 48. Re4 Rcg5 49. Re3 Bf5 50. Be2 Be6 51. Bd3 Rc5 52. Bxg6 Kxg6 53. Rg3+ Kh7 54. Rf4 Rh5 55. Rgf3 Rh6 56. Rxf7+ Bxf7 57. Rxf7+ Kg6 58. Rf3 Rh5 59. g4 Rb5 60. Kg3 Rb4 61. h4 Ra4 62. h5+ Kg5 63. Rf5+ Kh6 64. Kh4 Ra1 65. Rf6+ Kg7 66. Rb6 Ra7 67. h6+ Kh7 68.
Kh5 Rc7 69. g5 Ra7 70. g6+ 1-0

[Event "*** Titled Tuesday Blitz"]
[Site "Chess.com"]
[Date "2021.02.16"]
[Round "3"]
[White "mary-sanna"]
[Black "DinaBelenkaya"]
[Result "1-0"]
[WhiteElo "2041"]
[BlackElo "2298"]
[TimeControl "180+1"]
[EndTime "10:32:32 PST"]
[Termination "mary-sanna won on time"]

1. d4 d5 2. Bf4 c5 3. e3 Nc6 4. c3 Nf6 5. Nd2 Qb6 6. Qb3 c4 7. Qxb6 axb6 8. a3 b5 9. Rd1 Bf5 10. Ngf3 h6 11. h3 g5 12. Bc7 Rc8 13. Bg3 Bg7 14.
Be2 Nd7 15. Nh2 Nb6 16. Bg4 e6 17. Bxf5 exf5 18. Nhf3 Na4 19. Rb1 O-O 20. O-O Rfe8 21. Ne1 Ne7 22. Nc2 Ng6 23. Bd6 Re6 24. Bb4 f4 25. Rfe1 Rce8 26. b3 Nb6 27. bxc4 Nxc4 28. Nxc4 bxc4 29. Bc5 fxe3 30. fxe3 Rb8 31. Rb5 Bf8 32.
Bxf8 Nxf8 33. Rxd5 Ra8 34. Rb5 b6 35. Reb1 Nd7 36.
Kf2 Ra4 37. R5b4 Ra5 38. Rxc4 Rf5+ 39. Ke2 g4 40. hxg4 Rg5 41. Kf3 Rf6+ 42. Kg3 h5 43. d5 Ne5 44. Re4 Rxg4+ 45. Rxg4+ Nxg4 46. Nd4 Rg6 47. Kf4 Nf2 48. Kf5 Rxg2 49. Nf3 Nd3 50. Rxb6 Rf2 51. Rb8+ Kh7 52. Kf6 Rxf3+ 53. Kg5 Ne1 54. Rb7 Rxe3 55. Rxf7+ Kg8 56. Rb7 Rg3+ 57. Kxh5 Rd3 58. Kg6 Kf8 59. Kf6 Ke8 60. Ke6 Re3+ 61. Kd6 Rxc3 62. Rb8+ Kf7 63. Rb7+ Kf6 64. Rb8 Rxa3 65.
Rf8+ Kg7 66. Re8 Nd3 67. Re7+ Kf8 68. Re3 Ra6+ 69. Kc7 Nf4 70. Rf3 Ra4 71. Rxf4+ Rxf4 72. d6 Rc4+ 73. Kd8 1-0

[Event "*** Titled Tuesday Blitz"]
[Site "Chess.com"]
[Date "2021.02.16"]
[Round "3"]
[White "MF1966Idrisov"]
[Black "soumeow"]
[Result "1/2-1/2"]
[WhiteElo "2368"]
[BlackElo "2215"]
[TimeControl "180+1"]
[EndTime "10:32:34 PST"]
[Termination "Game drawn - insufficient material"]

1. Nf3 c5 2. b3 Nc6 3. Bb2 Nf6 4. c4 g6 5. g3 Bg7 6. Bg2 O-O 7. O-O d6 8. d4 cxd4 9. Nxd4 Bd7 10. Nc3 Rc8 11. Nd5 Nxd5 12. Bxd5 Bh3 13. Re1 e6 14. Bg2 Bxg2 15. Kxg2 Qb6 16. e3 Rfd8 17. Rc1 h5 18. h4 d5 19. Nxc6 Rxc6 20. Bxg7 Kxg7 21. Qe2 dxc4 22.
Rxc4 Rcd6 23. Rc2 a5 24. Rec1 Qb4 25. Rc4 Qd2 26. R1c2 Qxe2 27. Rxe2 Rd5 28. e4 Rd2 29. Rc2 Rxe2 30. Rxe2 Rd4 31. f3 a4 32. bxa4 Rxa4 33. Rb2 b5 34. e5 b4 35. f4 f6 36. exf6+ Kxf6 37. Re2 Ra3 38. Rb2 e5 39. fxe5+ Kxe5 40. Rxb4 Rxa2+ 41. Kh3 Kf5 42. Rb6 Rf2 43. Rb8 Re2 44.
Rf8+ Ke4 45. Rf4+ Ke5 46. Ra4 Re1 47. Ra8 Rh1+ 48. Kg2 Rb1 49. Rg8 Kf5 50. Rf8+ Ke6 51.
Rf4 Ke5 52. Rf7 Ke6 53. Rf8 Ke7 54. Ra8 Kf6 55. Ra7 Kf5 56. Ra5+ Kf6 57. Ra6+ Kf5 58. Kh3 Rh1+ 59. Kg2 Rb1 60. Ra5+ Kf6 61. Ra8 Rb2+ 62. Kh3 Kf5 63. Rf8+ Ke6 64. Rf4 Ke5 65. Rf3 Ke6 66. g4 hxg4+ 67. Kxg4 Rg2+ 68. Kf4 Rg1 69. Ra3 Kf6 70.
Ra6+ Kg7 71. Ra8 Kh6 72. Ra7 g5+ 73. hxg5+ Rxg5 74. Rh7+ Kxh7 75. Kxg5 1/2-1/2

[Event "*** Titled Tuesday Blitz"]
[Site "Chess.com"]
[Date "2021.02.16"]
[Round "3"]
[White "crazy_but_lazy"]
[Black "Violord"]
[Result "1/2-1/2"]
[WhiteElo "2505"]
[BlackElo "2708"]
[TimeControl "180+1"]
[EndTime "10:32:42 PST"]
[Termination "Game drawn by agreement"]

1. e4 c6 2. d4 d5 3. exd5 cxd5 4. Bd3 Nc6 5. c3 Qc7 6. Ne2 Bg4 7. O-O Bh5 8. Qe1 Bg6 9. Nf4 Nf6 10. Nd2 e6 11. Nf3 Bd6 12. Nxg6 hxg6 13. g3 O-O-O 14. Bg5 Rh5 15. Kg2 Rdh8 16. h4 Kb8 17. a4 Nd7 18. Qe2 Nf8 19. c4 f6 20. cxd5 Nb4 21. Rac1 Qd8 22.
Bd2 Nxd5 23. Be4 a6 24. b4 g5 25. b5 gxh4 26. g4 h3+ 27. Kh1 Rh4 28. Bxd5 exd5 29. bxa6 Rxg4 30. Qb5 Qd7 31. Qxd5 h2 32. Rb1 Rg1+ 33. Rxg1 hxg1=Q+ 34. Kxg1 Qg4+ 35. Kf1 Rh1+ 36. Ke2 Rxb1 37. Qxd6+ Kc8 38. Qxf8+ Kd7 39. Qf7+ Kd6 40. Qf8+ Kd7 41. Qf7+ Kd6 42. Bb4+ Rxb4 43. Qf8+ Kd7 44. Qxb4 Qe4+ 45. Kf1 Qxf3 46. axb7 Qd1+ 47. Kg2 Qg4+ 48. Kf1 Qd1+ 49. Qe1 Qd3+ 50. Kg1 Qg6+ 51. Kf1 Qd3+ 52. Qe2 Qh3+ 53. Ke1 Qh1+ 54. Kd2 Qxb7 55. Qg4+ Kd6 56. Qf4+ Ke6 57. Qg4+ Kf7 58. Ke2 Qa6+ 59. Kf3 Qxa4 60. Qe4 Qb3+ 61. Kg2 Qe6 62. Qb7+ Kg6 63. Qf3 f5 64.
Qg3+ Kf6 65. Qf3 Qd6 66. Qd3 Qd5+ 67. f3 g5 68. Kg3 f4+ 69. Kg2 Qd6 70. Qe4 Qa3 71. Kh3 1/2-1/2

[Event "*** Titled Tuesday Blitz"]
[Site "Chess.com"]
[Date "2021.02.16"]
[Round "3"]
[White "korbul"]
[Black "queen_iryna"]
[Result "1-0"]
[WhiteElo "2603"]
[BlackElo "2395"]
[TimeControl "180+1"]
[EndTime "10:32:45 PST"]
[Termination "korbul won by resignation"]

1. d4 d6 2. e4 Nf6 3. Nc3 e5 4.
Nf3 Nbd7 5. g3 Be7 6. Bg2 O-O 7.
O-O c6 8. a4 h6 9. h3 Re8 10.
Re1 Bf8 11. b3 Qc7 12. Bb2 b6 13. d5 Bb7 14. dxc6 Bxc6 15. Nd2 Rac8 16. Nc4 Nc5 17. Nb5 Qb8 18. Nc3 a6 19. a5 b5 20. Nb6 Rcd8 21. Ncd5 Nxd5 22. Nxd5 Qb7 23. b4 Bxd5 24. exd5 Nd7 25. Qd3 Qc8 26. Rac1 g6 27. c4 bxc4 28. Qxc4 Qb7 29. Qc6 Qxb4 30. Bc3 Qb5 31. Bf1 Qxc6 32. dxc6 Nc5 33. Bb4 Rc8 34. Bxc5 dxc5 35. Bg2 f5 36. Rb1 e4 37. Rb6 Ra8 38. f3 c4 39. Kh2 c3 40.
Rc1 Bg7 41. fxe4 fxe4 42. c7 Rac8 43. Rc6 e3 44. Bd5+ Kh8 45. Re1 e2 46. Be6 Kh7 47. Bxc8 Rxc8 48. Rxe2 h5 49. Re7 Kh6 50. Ree6 Kh7 51.
Rxg6 c2 52. Rge6 c1=Q 53. Rxc1 Bd4 54. Re7+ Kg6 55. Rc6+ Kf5 56. Rd7 Be5 57. Rf7+ Ke4 58. Rh7 h4 59. Rh5 Kd5 60. Rxa6 hxg3+ 61. Kg2 Rxc7 62. Rb6 Rc2+ 63. Kf3 g2 64. Rg5 Kc5 65.
Re6 Kd4 66. Rexe5 g1=Q 67. Rxg1 Kxe5 68. Rg5+ Kf6 69. Rb5 Ra2 70. Kg4 Kg6 71. h4 Ra4+ 72. Kg3 Kh6 73. h5 Ra3+ 74. Kf4 Ra4+ 75. Ke5 Kxh5 76.
Kd6+ Kg6 77. Kc6 Kf6 78. Kb7 Ke6 79. a6 Kd7 80. a7 Rxa7+ 81. Kxa7 1-0

[Event "*** Titled Tuesday Blitz"]
[Site "Chess.com"]
[Date "2021.02.16"]
[Round "3"]
[White "Shahaliyev"]
[Black "EvgenyT"]
[Result "1-0"]
[WhiteElo "2679"]
[BlackElo "2926"]
[TimeControl "180+1"]
[EndTime "10:32:46 PST"]
[Termination "Shahaliyev won by resignation"]

1. Nf3 d5 2. c4 d4 3. d3 Nc6 4. g3 e5 5. Bg2 Bb4+ 6. Bd2 a5 7. O-O Nf6 8. Na3 h6 9. Nb5 O-O 10. a3 Bxd2 11. Qxd2 Re8 12. e3 dxe3 13. Qxe3 Bf5 14. Rad1 Qd7 15. Rfe1 Rad8 16. Na7 Nxa7 17. Qxa7 e4 18.
Nh4 Bh7 19. Qxb7 g5 20. dxe4 Qxd1 21. Rxd1 Rxd1+ 22. Bf1 Bxe4 23. Qb3 Rxf1+ 24. Kxf1 gxh4 25. gxh4 c6 26. Qc3 Kg7 27. Qxa5 Bd3+ 28. Kg2 Bxc4 29. Qc3 Bd5+ 30. f3 Kg6 31. Kf2 Nd7 32. a4 Ne5 33. b4 Nxf3 34. b5 cxb5 35. axb5 Ne5 36.
Qd4 Bb7 37. Qb6+ Re6 38. Qxb7 Nc4 39. Qd5 Nb6 40. h5+ Kg7 41. Qd4+ Kg8 42. Kf3 Kf8 43. Kf4 Ke8 44. Kg4 Ke7 45. Qc5+ Ke8 46. Kf5 Kd7 47. Qd4+ Ke7 48. Qb4+ Ke8 49. Qd2 Nd7 50. Qd5 Rf6+ 51. Kg4 Re6 52. Qa8+ Ke7 53. Qa3+ Ke8 54. Kg3 Nb6 55.
Qf3 Nd7 56. Qd5 Ke7 57. Qd4 Nb6 58. h3 Nd7 59. Qh4+ Ke8 60. Qb4 Nb6 61. Kg4 Nd7 62. Qf4 Nf6+ 63. Kf3 Nd7 64. Qd4 Rf6+ 65. Ke4 Re6+ 66.
Kd3 Nb6 67. Kc3 Ke7 68. Kb4 Nd7 69. Ka5 Ke8 70. Qd5 Rf6 71. Qe4+ Re6 72. Qh7 Ke7 73. Qg8 Rf6 74. Qc8 Re6 75. Qc1 Rd6 76.
Qa3 Ke6 77. Qe3+ Kf6 78. Qxh6+ Ke5 79. Qe3+ Kd5 80. h6 1-0

[Event "*** Titled Tuesday Blitz"]
[Site "Chess.com"]
[Date "2021.02.16"]
[Round "3"]
[White "juancruzarias"]
[Black "Salem-AR"]
[Result "0-1"]
[WhiteElo "2642"]
[BlackElo "2913"]
[TimeControl "180+1"]
[EndTime "10:32:46 PST"]
[Termination "Salem-AR won by checkmate"]

1. d4 Nf6 2. Nf3 g6 3. Bg5 Bg7 4. Nbd2 d5 5. e3 O-O 6. Be2 c5 7. c3 Qb6 8. Qb3 Nc6 9. O-O Bf5 10. h3 Rfc8 11. Ne5 c4 12. Qa3 Bf8 13. Nxc6 Qxc6 14. b4 cxb3 15. Nxb3 Ne4 16. Bxe7 Nxc3 17. Bf3 Nb5 18.
Qc5 Qe8 19. Qxd5 Bxe7 20. Qxb7 Rab8 21. Qa6 Rc4 22. Bd5 Bc8 23. Qa5 Rc2 24. Rfc1 Rxc1+ 25. Rxc1 Qd8 26. Bf3 Be6 27. d5 Bxd5 28. Qxd8+ Rxd8 29. Be2 Bxb3 30. axb3 Rb8 31. Ra1 Kf8 32. Bc4 Nd6 33.
Bd5 Rb5 34. Bc6 Rxb3 35. Rxa7 Rc3 36. Bf3 Rc1+ 37. Kh2 Rc2 38. Kg1 h5 39. g3 Nf5 40. h4 Bb4 41. Ra8+ Kg7 42. Ra1 Bc5 43. Be4 Rd2 44. Bxf5 gxf5 45. Ra4 Kf6 46. Kf1 Rc2 47.
Ra6+ Kg7 48. Rc6 Rc3 49. Rc8 Bd4 50. Re8 Bf6 51. Ke2 Rc2+ 52. Kf3 Kg6 53. Ra8 Bg7 54. Ra6+ Bf6 55. Rd6 Rc5 56. Ra6 Re5 57. Ra7 Re6 58. Rb7 Re7 59. Rb5 Re5 60. Rb6 Re6 61. Rb5 Be7 62.
Rd5 Kf6 63. Rb5 Rc6 64. Rb8 Rc2 65. Rh8 Bb4 66. Kg2 Be1 67. Rxh5 Rxf2+ 68. Kh3 Rf3 69.
Rh6+ Kg7 70. Rc6 Rxg3+ 71. Kh2 Rxe3 72. Rc5 Bxh4 73. Rxf5 Kg6 74. Rb5 f5 75. Kg2 Kg5 76. Rb8 Re2+ 77. Kh3 Re3+ 78. Kg2 Kg4 79. Rg8+ Bg5 80.
Rg6 Re2+ 81. Kf1 Rc2 82. Rg8 Kf3 83. Ra8 Rc1# 0-1

[Event "*** Titled Tuesday Blitz"]
[Site "Chess.com"]
[Date "2021.02.16"]
[Round "3"]
[White "canary2016"]
[Black "zmeeed67"]
[Result "0-1"]
[WhiteElo "1976"]
[BlackElo "2307"]
[TimeControl "180+1"]
[EndTime "10:32:49 PST"]
[Termination "zmeeed67 won by checkmate"]

1. d4 Nc6 2. c4 e5 3. dxe5 Nxe5 4. e3 Ng6 5. Nf3 Bc5 6. Be2 Nf6 7. O-O O-O 8. Nc3 d6 9. b3 Re8 10. Bb2 a6 11. Qc2 Bd7 12. Rfd1 Qc8 13. Bd3 Bg4 14. Be2 Bf5 15. Bd3 Bg4 16. Be2 Qf5 17. Qxf5 Bxf5 18. Nd4 Bd7 19. Bf3 Rab8 20. Nd5 Nxd5 21. Bxd5 Ne5 22. h3 Nc6 23. Rac1 Nxd4 24. exd4 Ba7 25.
Re1 c6 26. Bf3 Kf8 27. Kf1 Bf5 28. Ba3 Rbd8 29. Rcd1 Bb6 30. Rxe8+ Kxe8 31. g4 Bg6 32. Bg2 Kd7 33. c5 Bc7 34. d5 cxd5 35. Rxd5 Kc8 36. cxd6 Bb6 37. f4 f6 38. f5 Bf7 39.
Rd1 Kb8 40. Bb4 a5 41. Bc3 a4 42. bxa4 Bxa2 43. a5 Bc5 44. d7 Kc7 45. Rd2 Bc4+ 46.
Ke1 Bb5 47. Kd1 Rxd7 48. Rxd7+ Bxd7 49. Kd2 Ba4 50. Kd3 Bc6 51. Bxc6 Kxc6 52. Kc4 Bf2 53. Bd2 Bh4 54. Be3 Be1 55. Bf4 Bxa5 56. Bg3 Bc7 57. Bf2 Be5 58. Be3 b5+ 59. Kb4 Bd6+ 60. Kb3 Bc5 61.
Bd2 Kd5 62. Be1 Ke4 63. Bd2 Kf3 64. g5 Kg3 65. gxf6 gxf6 66. Bc3 Be7 67. Bd4 Kxh3 68. Kc3 Kg4 69. Kb3 Kxf5 70. Bc3 h5 71. Bd2 h4 72.
Be1 Kg4 73. Bf2 h3 74. Bb6 h2 75. Bc7 h1=Q 76. Bb8 Qd5+ 77. Kb2 Qc4 78. Kb1 b4 79. Ka1 b3 80. Kb1 Qc2+ 81. Ka1 Qa2# 0-1

[Event "*** Titled Tuesday Blitz"]
[Site "Chess.com"]
[Date "2021.02.16"]
[Round "3"]
[White "zverr1"]
[Black "ChristopherYoo"]
[Result "1-0"]
[WhiteElo "2481"]
[BlackElo "2885"]
[TimeControl "180+1"]
[EndTime "10:32:53 PST"]
[Termination "zverr1 won by resignation"]

1. d4 Nf6 2. c4 g6 3. Nc3 Bg7 4. e4 d6 5. h3 O-O 6. Be3 Na6 7. g4 e5 8. d5 Nc5 9. f3 c6 10. h4 cxd5 11. cxd5 Bd7 12. h5 Rc8 13. Qd2 Bxg4 14. fxg4 Ncxe4 15. Nxe4 Nxe4 16. Qb4 f5 17. hxg6 hxg6 18. Ne2 a5 19. Qb6 f4 20. Qxd8 Rcxd8 21. Bb6 Rc8 22. Bxa5 f3 23. Nc3 f2+ 24. Kd1 Ng3 25. Ne4 Nxe4 26. Rh3 Rc5 27. Bb4 Rxd5+ 28. Ke2 Rd4 29. Bc3 Nxc3+ 30. bxc3 Rxg4 31. Rd1 Rf6 32. Rf3 Re4+ 33. Re3 Ra4 34. Bg2 Rxa2+ 35. Kf1 Rb2 36.
Red3 Bf8 37. Bd5+ Kg7 38. R3d2 Rb5 39. c4 Rc5 40. Rb1 b6 41. Rxb6 Be7 42. Rxf2 Rxf2+ 43. Kxf2 Kf6 44. Rb7 g5 45. Kf3 Ra5 46. Rb3 Ra1 47.
Kg2 Re1 48. Rf3+ Kg6 49. Bf7+ Kg7 50. Bd5 Bf6 51. Ra3 e4 52. Kf2 Rc1 53. Ra7+ Kf8 54. Rf7+ Ke8 55. Rxf6 Ke7 56. Re6+ Kd7 57. Rxe4 Rc3 58.
Rg4 Kc7 59. Rxg5 Kb6 60. Rg8 Kc5 61. Rc8+ Kd4 62. Ke2 Re3+ 63. Kd2 Ra3 64. Kc2 Ra2+ 65. Kb3 Ra1 66. Rc6 Ke5 67. Kb4 Rb1+ 68. Ka5 Rb2 69. Rb6 Rh2 70. Kb5 Rh8 71. Rb7 Rc8 72. Re7+ Kd4 73.
Re4+ Kd3 74. Rh4 Rd8 75. Kc6 Kc3 76. Rh6 Kd4 77. Rxd6 Rc8+ 78. Kd7 Rh8 79. Re6 Rh7+ 80. Kc6 Rh8 81. Re4+ Kc3 82. Rg4 Rc8+ 83. Kd7 Rc5 84. Kd6 Kb4 85. Rg1 Rc8 86. Rb1+ Kc3 87. c5 Rd8+ 88.
Kc6 Rc8+ 89. Kd6 Rd8+ 90. Ke5 Re8+ 91. Be6 Re7 92. c6 1-0